 Dungeon Crawl Stone Soup version 0.26-a0-854-gdc81c2f471 (webtiles) character file.

Game seed: 9257699272856627765

609 iamoutofideas the Magician (level 7, 0/37 HPs)
             Began as a Deep Elf Fire Elementalist on Nov 23, 2020.
             Slain by a gnoll
             ... wielding a +0 halberd
              (12 damage)
             ... on level 4 of the Dungeon.
             The game lasted 00:10:21 (5185 turns).

iamoutofideas the Magician (DEFE)                   Turns: 5185, Time: 00:10:22

Health: 0/37       AC:  7    Str:  3 (5)  XL:     7   Next: 19%
Magic:  8/18       EV: 17    Int: 22      God:
Gold:   209        SH:  0    Dex: 13 (15) Spells: 9/18 levels left

rFire    + . .     SeeInvis .   s - +0 short sword
rCold    + . .     Faith    .   (no shield)
rNeg     . . .     Spirit   .   f - +1 robe {rC+}
rPois    .         Reflect  .   e - +2 hat
rElec    .         Harm     .   (no cloak)
rCorr    .         Rampage  .   k - +1 pair of gloves
MR       .....                  (no boots)
Stlth    ++........             (no amulet)
HPRegen  0.12/turn              g - +4 ring of evasion
MPRegen  0.16/turn              j - ring of protection from fire

@: no status effects
A: no striking features
a: no special abilities


You were on level 4 of the Dungeon.
You visited 1 branch of the dungeon, and saw 4 of its levels.
You also visited: Sewer.

You collected 209 gold pieces.

Inventory:

Hand Weapons
 r - a +0 flail
 s - a +0 short sword (weapon)
Armour
 a - a +0 robe
 e - a +2 hat (worn)
 f - a +1 robe of cold resistance (worn)
 k - a +1 pair of gloves (worn)
 l - a +0 helmet
Jewellery
 g - a +4 ring of evasion (left hand)
 h - an uncursed ring of positive energy
 j - a ring of protection from fire (right hand)
Wands
 d - a wand of iceblast (7)
Scrolls
 c - a scroll of teleportation
 v - a scroll of blinking {unknown}
 y - a scroll of remove curse {unknown}
Potions
 b - 2 potions of flight
 i - a potion of might
 m - a potion of heal wounds {unknown}
 o - 2 potions of mutation
 p - 2 potions of attraction
 t - a potion of degeneration
 u - a potion of berserk rage
 w - a potion of resistance


   Skills:
 - Level 0.3 Fighting
 - Level 3.0 Dodging
 - Level 2.7 Stealth
 - Level 0.2 Unarmed Combat
 + Level 6.2 Spellcasting
 + Level 4.3 Conjurations
 * Level 6.0 Fire Magic


You had 9 spell levels left.
You knew the following spells:

 Your Spells              Type           Power        Failure   Level
a - Foxfire               Conj/Fire      ####         1%          1
b - Conjure Flame         Conj/Fire      ####....     3%          3
c - Fireball              Conj/Fire      ####......   28%         5

Your spell library contained the following spells:

 Spells                   Type           Power        Failure   Level
 Inner Flame              Hex/Fire       ###.....     8%          3
 Sticky Flame             Conj/Fire      ####....     11%         4


Dungeon Overview and Level Annotations

Branches:
Dungeon (4/15)              Sewer (visited)
 Temple: D:4-7

Altars:
Gozag

Shops:
D:4 (

Annotations:
D:1 exclusion: downstairs


Message History

The foxfire hits the gnoll shaman.
The gnoll shaman is heavily wounded.
The foxfire hits the gnoll shaman.
The gnoll shaman is severely wounded.
Unknown command.
Casting: Foxfire (safe; 1% risk of failure)
Confirm with . or Enter, or press ? or * to list all spells.
You conjure some foxfire!
The gnoll hits you from afar with a +0 halberd.
* * * LOW HITPOINT WARNING * * *
The gnoll shaman calls upon its god to speed up the gnoll.
The gnoll seems to speed up.
Your foxfire dissipates!
The foxfire hits the gnoll shaman.
The gnoll shaman is almost dead.
The gnoll closely misses you.
You feel better. The gnoll closely misses you. x2
The gnoll shaman completely misses you.
The gnoll hits you from afar with a +0 halberd!
You die...

#.# #g#....# #....... #g#
#.#.##.#########.### #g#
#..).............# #g#
###.##.###########
#.######...#.#
#.#......g...#
#.#.####ggg### #.#.# ##.##
#.#.# #@####
#...#####....#
##...........#
#..#######..#
#..#######..######*** ###
#..............O..,,###..
#...##.##.g##...##,,.....
#...#*,*#..#*.#...,,....#
*#..........#*,.,##,,#****


You could see a gnoll shaman and 3 gnolls.

Vanquished Creatures
  Sigmund (D:2)
  Purgy (Sewer)
  An ogre (D:4)
  2 hounds (D:4)
  A worker ant (D:3)
  3 adders
  7 gnolls
  A river rat (D:3)
  2 dart slugs
  3 leopard geckos (D:3)
  5 orcs (D:3)
  A giant cockroach (D:3)
  6 goblins
  4 hobgoblins
  3 jackals (D:1)
  A ball python (D:1)
  11 bats
  5 frilled lizards
  10 kobolds
  12 rats
80 creatures vanquished.

Vanquished Creatures (others)
  372 foxfires
372 creatures vanquished.

Grand Total: 452 creatures vanquished

Notes
Turn   | Place    | Note
-------+----------+-------------------------------------------
     0 | D:1      | iamoutofideas the Deep Elf Fire Elementalist began the
                  | quest for the Orb.
     0 | D:1      | Reached XP level 1. HP: 10/10 MP: 6/6
   277 | D:1      | Reached XP level 2. HP: 9/15 MP: 4/8
  1144 | D:2      | Noticed Sigmund
  1173 | D:2      | Killed Sigmund
  1174 | D:2      | Reached XP level 3. HP: 4/20 MP: 0/11
  1174 | D:2      | Reached XP level 4. HP: 5/24 MP: 0/12
  1174 | D:2      | Reached XP level 5. HP: 6/28 MP: 0/14
  1409 | D:2      | Learned a level 3 spell: Conjure Flame
  1415 | D:2      | Learned a level 5 spell: Fireball
  2040 | D:2      | Reached skill level 5 in Spellcasting
  2569 | D:3      | Reached skill level 5 in Fire Magic
  2609 | D:3      | Reached XP level 6. HP: 33/33 MP: 6/15
  2609 | D:3      | Found a glowing drain.
  2624 | Sewer    | Entered a sewer
  2845 | Sewer    | Noticed Purgy
  2854 | Sewer    | Killed Purgy
  3519 | D:3      | Found an opulent altar of Gozag.
  4333 | D:4      | Found Umpinis's Antique Weapon Shop.
  4870 | D:4      | Reached XP level 7. HP: 11/37 MP: 3/18
  5185 | D:4      | Slain by a gnoll

Illustrated notes

Levels and vault maps discovered:
D:1:      tarquinn_simple_flora_water_d, layout_basic, chequers_decorated_corner
D:2:      layout_loops_ring, uniq_sigmund
D:3:      minmay_inner_zag, layout_basic, overflow_temple_1_default,
          serial_corexii_hall, chequers_hall_statues_corner_a,
          corexii_hall_statues_l, corexii_hall_statues_l,
          corexii_hall_statues_u, chequers_hall_statues_wall_a,
          corexii_hall_statues_i, gup_sewer_entry_bubbles
D:4:      layout_loops_ring, serial_shops, shop, gup_ossuary_entry_pyramid

Skill      XL: |  1  2  3  4  5  6 |
---------------+-------------------+-----
Fire Magic     | 4 5 6 |  6.0
Dodging        | 3 |  3.0
Spellcasting   | 4 5 6 |  6.2
Conjurations   | 2 3 4 |  4.3
Fighting       | |  0.3
Stealth        | |  2.7
Unarmed Combat | |  0.2

Action                   |  1- 3 |  4- 6 |  7- 9 || total
-------------------------+-------+-------+-------++-------
Melee: Unarmed           |    21 |    15 |       ||    36
       Short sword       |       |     2 |       ||     2
 Cast: Foxfire           |    69 |   182 |    10 ||   261
       Conjure Flame     |       |     3 |     2 ||     5
  Use: Potion            |     3 |     4 |     1 ||     8
       Scroll            |       |    11 |       ||    11
 Stab: Sleeping          |     1 |     1 |       ||     2
Armor: Robe              |    13 |    13 |     5 ||    31
Dodge: Dodged            |    44 |    98 |    21 ||   163

Table legend: (Time is in decaauts)
 A = Elapsed time spent in this place.
 B = Non-inter-level travel time spent in this place.
 C = Inter-level travel time spent in this place.
 D = Time resting spent in this place.
 E = Time spent auto-exploring this place.
 F = Levels seen in this place.
 G = Mean time per level.
                   A        B        C        D        E       F      G
               +--------+--------+--------+--------+--------+-----+--------+
         Total |   5209 |   5090 |    119 |    824 |   3040 |   5 | 1041.8 |
       Dungeon |   4738 |   4619 |    119 |    547 |   3010 |   4 | 1184.5 |
         Sewer |    470 |    470 |      0 |    277 |     30 |   1 |  470.0 |
               +--------+--------+--------+--------+--------+-----+--------+

Top non-repeatable levels by time:
     D:3: 1433 daAuts
     D:2: 1386 daAuts
     D:1: 1011 daAuts
     D:4: 907 daAuts
   Sewer: 470 daAuts
